Map: Acolyte LE

Players

AngryKimchi - Winner!

  • Race: Terran Terran
  • League: Master
  • Spawn Location: 7:00

Yata

  • Race: Zerg Zerg
  • League: Platinum
  • Spawn Location: 1:00

VOD

Have the link to the VOD?

Description

Time

  • Played on: Sept. 23, 2017, 9:11 p.m.
  • Length: 9:20
Show
View Real Time Build Order
Export as new Build Order

AngryKimchi Terran - Winner!

Build Orders: Reaper Expand, MMM Bio 

Get SALT Encoding   

  12  0:00  SCV  
  13  0:12  SCV  
  14  0:17  Supply Depot  
  14  0:25  SCV  
  15  0:39  Barracks, SCV  
  16  0:45  Refinery  
  16  0:51  SCV  
  17  1:03  SCV  
  18  1:15  SCV  
  19  1:28  Reaper, Orbital Command  
  20  1:41  Command Center  
  20  1:51  Barracks  
  20  1:55  SCV  
  21  2:05  Supply Depot, Barracks Reactor  
  21  2:08  SCV  
  22  2:16  Refinery  
  22  2:20  SCV  
  23  2:33  Factory, SCV  
  24  2:43  Marine x2  
  26  2:45  SCV  
  26  2:46  Barracks Tech Lab  
  27  2:56  Orbital Command  
  27  2:57  SCV  
  28  3:02  Marine x2  
  30  3:09  SCV  
  31  3:13  Marine, Stimpack  
  32  3:20  Marine  
  32  3:21  SCV  
  32  3:22  Starport  
  32  3:23  SCV  
  32  3:27  Factory Reactor  
  35  3:29  Marine  
  35  3:33  SCV  
  37  3:34  Marine  
  37  3:35  SCV  
  39  3:42  Supply Depot  
  39  3:43  Marine  
  39  3:45  SCV  
  39  3:47  SCV, Marine  
  43  3:53  Marine  
  43  3:57  SCV  
  43  3:59  SCV  
  43  4:01  Marine, Bunker  
  46  4:09  SCV  
  47  4:12  SCV  
  47  4:13  Bunker  
  47  4:16  Marine  
  47  4:17  Marine  
  49  4:18  Medivac  
  49  4:19  Medivac  
  54  4:27  Supply Depot  
  54  4:41  Engineering Bay  
  54  4:49  SCV x2, Marine x3  
  59  5:01  SCV  
  59  5:02  SCV  
  59  5:03  Command Center  
  59  5:07  Marine  
  61  5:11  Supply Depot  
  61  5:13  Supply Depot, Combat Shields, Medivac x2, Marine x2  
  68  5:14  SCV  
  68  5:16  Refinery x2  
  68  5:17  Supply Depot  
  69  5:23  Factory Tech Lab  
  69  5:24  SCV  
  69  5:25  Terran Infantry Weapons Level 1  
  70  5:33  Marine x3  
  73  5:36  SCV  
  73  5:38  Supply Depot  
  74  5:50  Barracks  
  74  5:51  SCV, Marine x3  
  74  5:52  Barracks  
  74  5:53  Barracks  
  78  6:01  SCV  
  78  6:03  SCV  
  80  6:08  Marine x3  
  83  6:12  Command Center  
  83  6:13  SCV, Siege Tank  
  87  6:23  Armory  
  73  6:26  Marine x3  
  73  6:30  Engineering Bay  
  76  6:38  Barracks Reactor  
  76  6:39  Barracks Reactor  
  76  6:40  Supply Depot  
  76  6:41  Barracks Reactor  
  76  6:43  Supply Depot, Medivac  
  76  6:44  Marine x3  
  81  6:49  Siege Tank  
  84  7:02  Marine x3, SCV  
  84  7:07  Supply Depot  
  86  7:18  Marine  
  86  7:19  Marine x3  
  86  7:20  Marine x3  
  86  7:21  Marine x2  
  94  7:28  Medivac x2  
  94  7:29  Siege Tank  
  100  7:37  Marine x3  
  100  7:39  SCV  
  100  7:40  Marine  
  102  7:47  Marine x3  
  102  7:48  Orbital Command  
  102  7:49  SCV  
  105  7:52  SCV  
  105  7:55  Marine  
  107  8:01  SCV  
  107  8:04  SCV  
  107  8:05  Marine  
  110  8:11  Supply Depot x2  
  110  8:13  SCV  
  110  8:16  SCV  
  110  8:18  SCV  
  110  8:19  Marine x3  
  115  8:20  Marine  
  115  8:23  Bunker  
  115  8:25  SCV  
  115  8:26  Marine  
  118  8:27  Marine  
  118  8:28  SCV  
  118  8:33  Marine  
  122  8:38  SCV  
  122  8:39  SCV  
  122  8:40  Marine x4  
  128  8:41  Medivac x2  
  128  8:42  Marine, Siege Tank  
  128  8:43  Marine  
  137  8:52  Marine x3  
  140  8:57  Marine  
Show
View Real Time Build Order
Export as new Build Order

Yata Zerg 

Build Orders: Hatch First 

Get SALT Encoding   

  12  0:01  Drone  
  13  0:12  Overlord  
  13  0:19  Drone  
  14  0:31  Drone x2  
  14  0:34  Drone  
  17  0:55  Hatchery  
  17  0:56  Drone  
  17  1:05  Drone  
  17  1:11  Extractor  
  17  1:21  Spawning Pool  
  17  1:23  Drone x2  
  18  1:28  Drone  
  19  1:39  Overlord  
  19  1:50  Drone  
  20  2:02  Drone  
  20  2:08  Queen x2  
  23  2:12  Zergling x4  
  27  2:19  Metabolic Boost  
  27  2:21  Overlord  
  27  2:27  Drone  
  28  2:38  Drone  
  28  2:39  Drone  
  29  2:52  Drone x2  
  29  2:53  Drone  
  32  3:05  Drone x3  
  36  3:12  Drone  
  36  3:18  Zergling x2  
  37  3:21  Drone  
  37  3:22  Drone x5  
  43  3:28  Baneling Nest  
  43  3:29  Drone  
  43  3:30  Evolution Chamber  
  42  3:36  Zergling x2  
  43  4:10  Overlord x2  
  43  4:11  Hatchery  
  43  4:14  Zergling x2  
  43  4:17  Overlord x2  
  43  4:28  Queen  
  45  4:32  Zerg Melee Weapons Level 1  
  45  4:40  Spore Crawler  
  45  4:42  Spore Crawler  
  45  4:43  Extractor, Drone x3  
  45  4:48  Queen  
  47  4:54  Zergling x6  
  47  4:55  Zergling x6  
  47  4:57  Baneling x2  
  47  4:58  Baneling x3  
  53  5:04  Lair  
  53  5:15  Zergling x10  
  58  5:26  Drone x8  
  58  5:28  Overlord  
  66  5:39  Drone  
  66  5:40  Drone  
  68  5:50  Pneumatized Carapace  
  68  5:56  Extractor  
  44  6:25  Zergling x20  
  45  6:26  Zergling x8  
  45  6:29  Zerg Ground Armor Level 1  
  55  6:36  Drone  
  55  6:37  Drone x3  
  58  7:04  Hatchery  
  57  7:13  Hatchery  
  45  7:25  Queen  
  45  7:29  Zergling x6  
  51  7:30  Zergling x4  
  47  7:43  Zergling x24  
  58  8:13  Hydralisk Den  
  58  8:18  Baneling x6  
  57  8:20  Zergling x18  
  57  8:23  Queen  
  68  8:32  Zergling x4  
  70  8:35  Baneling x4  
  70  8:36  Baneling  
  70  8:50  Overlord x5  
  70  8:51  Overlord  
Tags
 
Composition
MMM Bio
Matchup
TvZ
Replay Pack
Pack 1
Spawn Locations
Cross Positions
Add a new tag
Caveats
  • Supply blocks, unpowered buildings, or Contaminate may cause inaccurate times.
  • Supply counts are checked every 10 seconds.